 Dungeon Crawl Stone Soup version 0.32-a0-913-g739538afd8 (webtiles) character file.

Game seed: 13346522790937039548

146645 Armakuni the Pyromancer (level 17, -2/115 HPs)
             Began as a Human Fire Elementalist on Apr 2, 2024.
             Was the Champion of Vehumet.
             Slain by a salamander
             ... wielding a +4 glaive of pain
              (10 damage)
             ... on level 4 of the Snake Pit on Apr 7, 2024.
             The game lasted 01:26:41 (26974 turns).

Armakuni the Pyromancer (Human Fire Elementalist)  Turns: 26974, Time: 01:26:42

Health: -2/115     AC: 13    Str: 14    XL:     17   Next: 45%
Magic:  24/34      EV: 13    Int: 30    God:    Vehumet [******]
Gold:   1327       SH:  5    Dex: 17    Spells: 8/42 levels left

rFire   . . .        b - staff of air
rCold   . . .        G - +0 buckler
rNeg    . . .        M - +1 robe "Subitto" {rElec Archmagi}
rPois   .            A - +2 helmet
rElec   +            g - +1 cloak
rCorr   .            Z - +2 pair of gloves {Dex+3}
SInv    .            q - +0 pair of boots
Will    +....        R - amulet of Vitality {Regen++ RegenMP++}
Stlth   ++           C - +6 ring of intelligence
HPRegen 1.99/turn    I - +6 ring of intelligence
MPRegen 1.04/turn

%: archmagi
@: lethally poisoned (-2 -> -19)
A: explore regen
a: Renounce Religion


You were on level 4 of the Snake Pit.
You worshipped Vehumet.
Vehumet was exalted by your worship.
You visited 4 branches of the dungeon, and saw 26 of its levels.

You collected 3596 gold pieces.
You spent 2269 gold pieces at shops.

Inventory:

Hand Weapons
 H - the +8 demon trident "Rift" {distort, reach+}
   (You found it on level 2 of the Snake Pit)
Missiles
 h - 2 curare-tipped darts
 y - a throwing net
Armour
 g - a +1 cloak (worn)
 q - a +0 pair of boots (worn)
 A - a +2 helmet (worn)
 G - a +0 buckler (worn)
 M - the +1 robe "Subitto" (worn) {rElec Archmagi}
   (You bought it in a shop on level 2 of the Orcish Mines)

   rElec:     It insulates you from electricity.
   Archmagi:  It increases the power of your magical spells.
 Z - a +2 pair of gloves of dexterity (worn)
Magical Staves
 b - a staff of air (weapon)
Jewellery
 C - a +6 ring of intelligence (left hand)
 I - a +6 ring of intelligence (right hand)
 K - a ring of resist corrosion
 P - a ring of poison resistance
 R - the amulet of Vitality (around neck) {Regen++ RegenMP++}
   (You found it on level 9 of the Dungeon)

   [amulet of nothing]

   Regen++:   It increases your rate of health regeneration.
   RegenMP++: It increases your rate of magic regeneration.
 U - a ring of see invisible
 V - a ring of fire
 X - a ring of fire
 Y - a ring of magical power
Talismans
 a - a granite talisman
Wands
 c - a wand of iceblast (8)
 d - a wand of quicksilver (15)
 k - a wand of digging (4)
 m - a wand of mindburst (13)
 p - a wand of paralysis (20)
 v - a wand of flame (37)
Scrolls
 i - 10 scrolls of teleportation
 l - 4 scrolls of vulnerability
 n - 5 scrolls of blinking
 t - 4 scrolls of fog
 w - a scroll of silence
 E - 4 scrolls of fear
 L - 3 scrolls of enchant weapon
 O - 2 scrolls of poison
 Q - a scroll of revelation
 S - 4 scrolls of identify
Potions
 e - a potion of cancellation
 f - 4 potions of curing
 j - 4 potions of might
 o - 3 potions of degeneration
 r - 5 potions of lignification
 s - 2 potions of attraction {unknown}
 u - 6 potions of mutation
 x - 4 potions of brilliance {unknown}
 z - a potion of invisibility {unknown}
 B - 3 potions of resistance {unknown}
 F - a potion of haste {unknown}
 J - 2 potions of ambrosia {unknown}
 T - a potion of magic
 W - 2 potions of enlightenment
Miscellaneous
 D - a Gell's gravitambourine (2/2)


   Skills:
 - Level 5.0 Fighting
 - Level 5.0 Staves
 - Level 4.1 Armour
 - Level 5.0 Dodging
 - Level 2.0 Stealth
 - Level 4.0 Shields
 + Level 13.3 Spellcasting
 - Level 1.0 Conjurations
 - Level 21.6 Fire Magic
 - Level 10.0 Air Magic
 - Level 10.0 Evocations


You had 8 spell levels left.
You knew the following spells:

 Your Spells              Type           Power      Damage    Failure   Level
a - Scorch                Fire           100%       2d9       0%          2
f - Fireball              Conj/Fire      46%        3d18      1%          5
l - Summon Lightning Spi  Summ/Air       85%        N/A       4%          4
m - Mephitic Cloud        Conj/Alch/Air  76%        N/A       1%          3
s - Starburst             Conj/Fire      46%        6d13      1%          6
v - Vhi's Electric Charg  Tloc/Air       100%       N/A       4%          4
w - Flame Wave            Conj/Fire      93%        2d20      1%          4
z - Plasma Beam           Fire/Air       65%        2x1d82    1%          6

Your spell library contained the following spells:

 Spells                   Type           Power      Damage    Failure   Level
 Irradiate                Conj/Alch      17%        3d17      19%         5
 Foxfire                  Conj/Fire      100%       2x1d9     1%          1
 Freeze                   Ice            100%       1d10      1%          1
 Shock                    Conj/Air       100%       1d9       1%          1
 Inner Flame              Hex/Fire       91%        N/A       1%          3
 Swiftness                Air            100%       N/A       1%          3
 Volatile Blastmotes      Fire/Tloc      100%       2d18      1%          3
 Airstrike                Air            55%        2d(8-24)  1%          4
 Sticky Flame             Fire/Alch      91%        2d14      1%          4
 Frozen Ramparts          Ice            60%        1d10      2%          3
 Hailstorm                Conj/Ice       34%        3d8       2%          3
 Arcjolt                  Conj/Air       44%        1d54      2%          5
 Call Imp                 Summ           60%        N/A       4%          2
 Lesser Beckoning         Tloc           60%        N/A       4%          2
 Sublimation of Blood     Necr           30%        N/A       4%          2
 Iskenderun's Mystic Bla Conj/Tloc 34%            2d8        (+2d4     7%          4
 Call Canine Familiar     Summ           30%        N/A       10%         3
 Maxwell's Portable Pile  Tloc           30%        2d(8-22)  10%         3
 Sigil of Binding         Hex            30%        N/A       10%         3
 Teleport Other           Tloc           30%        N/A       10%         3
 Tukima's Dance           Hex            30%        N/A       10%         3
 Lee's Rapid Deconstruct  Erth           15%        3d10*     22%         5
 Animate Armour           Summ/Erth      60%        N/A       32%         4
 Dimensional Bullseye     Hex/Tloc       15%        N/A       32%         4
 Dispersal                Tloc           15%        N/A       99%         6
 Gell's Gavotte           Tloc           15%        2d(18-26) 99%         6
 Manifold Assault         Tloc           15%        N/A       100%        7
 Summon Hydra             Summ           15%        N/A       100%        7
 Disjunction              Tloc           15%        N/A       100%        8


Dungeon Overview and Level Annotations

Branches:
Dungeon (15/15)            Temple (0/1) D:7            Lair (5/5) D:8
  Swamp (0/4) Lair:3        Snake (4/4) Lair:2        Slime (0/5) Lair:5
    Orc (2/2) D:11            Elf (0/3) Orc:2        Vaults (0/5) D:14
 Depths (0/4) D:15

Altars:
Ashenzari
Dithmenos
Gozag
Okawaru
Qazlal
Sif Muna
Trog
Vehumet
Wu Jian
Zin
Beogh
Jiyva

Shops:
D:8 =   D:13 *(*?   D:15 :   Orc:1 !?[??   Orc:2 [([*   Snake:1 :   Snake:3 =


Innate Abilities, Weirdness & Mutations

You regain HP and MP as you explore.


Message History

The fireball engulfs the salamander.
The salamander completely resists.
The naga warrior shouts! x2
You feel very sick.
The guardian serpent casts a spell at you.
The salamander blinks into view!
The salamander blinks!
The naga warrior blinks!
Casting: Fireball (mildly dangerous; 1% risk of failure)
Confirm with . or Enter, or press ? or * to list all spells.
Casting: Starburst (dangerous; 1% risk of failure)
Press: ? - help, Dir - look around, f - activate You feel a surge of power!
The bolt of fire hits the salamander.
The salamander completely resists.
The bolt of fire hits the salamander.
The salamander completely resists.
The bolt of fire hits the naga warrior!!!
You kill the naga warrior!
Vehumet accepts your kill.
You feel your power returning.
The bolt of fire hits the salamander mystic.
The salamander mystic completely resists.
You feel very sick.
You block the salamander mystic's attack.
The naga warrior roars a battlecry!
The nagas go into a battle-frenzy!
The naga warrior roars a battlecry!
The nagas go into a battle-frenzy!
The salamander hits you.
You are engulfed in flames!
The salamander hits you with a +4 glaive of pain!!
You are engulfed in flames!
You feel sick.
The guardian serpent coils itself and waves its upper body at you.
The bolt of poison hits you!
You are more poisoned.
The salamander mystic hits you with a +0 quarterstaff!
You are engulfed in flames!
* * * LOW HITPOINT WARNING * * *
The salamander closely misses you.
The salamander hits you with a +4 glaive of pain!
* * * LOW HITPOINT WARNING * * *
You are engulfed in flames!
You die...

#.....
##...ß.
##.....
##.....
##..ß).#####
#...S.......
#..N........
+.ß.@Nß..ß..
#..N.)......
#...........
##..ß..#####
##.....
##..../
##...ßN
#..N..


You could see a naga warrior (strong), a salamander mystic (strong), 2
salamanders, a guardian serpent and a naga (wandering, strong).

Vanquished Creatures
  Saint Roka (Orc:2)
  Jorgrun (D:15)
  Rupert (Lair:4)
  Kirke (D:11)
  2 orc warlords (Orc:2)
  Azrael (D:15)
  A quicksilver dragon zombie (D:15)
  4 vault guards (D:14)
  An entropy weaver (shapeshifter) (D:14)
  7 hydras
  5 centaur warriors
  Erolcha (Orc:2)
  2 salamander tyrants (Snake:3)
  A catoblepas (Lair:5)
  2 boulder beetles
  A death knight (D:15)
  2 ogre magi
  8 two-headed ogres
  3 anacondas
  7 naga warriors
  3 death yaks (Lair:3)
  2 deep elf knights
  2 hell hogs (Lair:5)
  2 orc high priests
  A tengu warrior (D:15)
  6 naga sharpshooters
  6 shock serpents
  2 salamander mystics (Snake:3)
  A skyshark (Lair:2)
  A spark wasp zombie (D:15)
  A storm dragon skeleton (D:15)
  3 skeletal warriors
  A flayed ghost (D:15)
  8 mana vipers
  A necromancer (D:15)
  3 lindwurms
  4 naga ritualists (Snake:2)
  5 orc knights
  A deep elf pyromancer (D:15)
  2 obsidian bats (Orc:2)
  6 ugly things
  5 salamanders
  5 orc sorcerers
  A cyclops (D:13)
  3 manticores
  17 elephants
  A meliai (shapeshifter) (D:13)
  35 black mambas
  2 gargoyles
  3 guardian serpents
  4 naga magi
  8 cane toads
  3 torpor snails
  4 kobold blastminers (Orc:2)
  2 molten gargoyles (Lair:5)
  Maggie (D:9)
  A cane toad (shapeshifter) (D:14)
  2 unseen horrors (D:12)
  3 rime drakes
  18 komodo dragons
  6 kobold demonologists
  An efreet (D:15)
  An unseen horror (shapeshifter) (D:15)
  4 freezing wraiths (D:15)
  A hornet (D:5)
  9 trolls
  A wolf spider simulacrum (D:14)
  21 blink frogs
  3 slime creatures (D:12)
  Sigmund (D:2)
  3 shadows
  3 hogs (D:12)
  65 yaks
  2 vampires
  6 wyverns
  6 basilisks
  3 steam dragons
  6 wraiths
  2 humans (D:14)
  A basilisk (shapeshifter) (D:15)
  3 fire bats (Lair:2)
  2 vampire mosquitoes (D:13)
  7 wargs
  29 nagas
  An acid dragon (D:8)
  12 water moccasins
  9 hell hounds
  2 black bears
  3 ice beasts
  2 sky beasts
  13 ogres
  41 orc warriors
  2 laughing skulls (D:13)
  16 wolves
  7 centaurs
  2 phantoms
  Blork the orc (D:5)
  3 kobold brigands
  15 bullfrogs
  2 scorpions (D:6)
  3 gnoll sergeants
  12 wights
  5 killer bees (D:10)
  The ghost of kae the Insei, a weakling DsSh (D:3)
  6 electric eels
  4 howler monkeys
  4 bombardier beetles
  5 lava snakes (Lair:5)
  9 hounds
  8 jellies
  2 gnoll boudas
  28 orc priests
  10 iguanas
  A sleepcap (D:6)
  30 orc wizards
  16 gnolls
  7 river rats (D:6)
  15 adders
  2 shadow imps (D:5)
  4 ufetubi (D:6)
  6 dart slugs
  4 ribbon worms
  107 orcs
  7 bats
  10 endoplasms
  4 giant cockroaches
  4 hobgoblins
  10 jackals
  13 quokkas
  8 ball pythons
  2 frilled lizards
  8 goblins
  16 kobolds
  20 rats
  A foxfire (Lair:1)
940 creatures vanquished.

Vanquished Creatures (others)
  Erica (D:9)
  An ogre mage (D:14)
  A yaktaur (D:15)
  A white imp (D:5)
  467 foxfires
471 creatures vanquished.

Grand Total: 1411 creatures vanquished

Notes
Turn   | Place    | Note
-------+----------+-------------------------------------------
     0 | D:1      | Armakuni the Human Fire Elementalist began the quest for
                  | the Orb.
     0 | D:1      | Reached XP level 1. HP: 13/13 MP: 3/3
     0 | D:1      | Upgraded the game from 0.32-a0-886-g41c5271027 to
                  | 0.32-a0-898-g7811c86cf0
    85 | D:1      | Reached XP level 2. HP: 18/19 MP: 0/5
   500 | D:1      | Learned a level 2 spell: Scorch
   582 | D:1      | Reached skill level 4 in Fire Magic
   582 | D:1      | Reached XP level 3. HP: 24/24 MP: 2/6
   770 | D:1      | Learned a level 3 spell: Volatile Blastmotes
  1251 | D:2      | Upgraded the game from 0.32-a0-898-g7811c86cf0 to
                  | 0.32-a0-909-gc671339a80
  1322 | D:2      | Reached skill level 1 in Evocations
  1353 | D:2      | Noticed Sigmund
  1364 | D:2      | Reached XP level 4. HP: 30/30 MP: 3/7
  1373 | D:2      | Killed Sigmund
  1374 | D:2      | Reached XP level 5. HP: 25/35 MP: 1/8
  1902 | D:2      | Found a shimmering blue altar of Sif Muna.
  1926 | D:2      | Reached XP level 6. HP: 41/41 MP: 3/9
  2125 | D:3      | Noticed kae's ghost (weakling DsSh)
  2125 | D:3      | Found a runed translucent door.
  2620 | D:3      | Reached skill level 5 in Evocations
  2738 | D:3      | Reached skill level 1 in Fighting
  3432 | D:3      | Killed kae's ghost
  3481 | D:4      | Reached skill level 1 in Staves
  3584 | D:4      | Reached skill level 5 in Fire Magic
  3584 | D:4      | Reached XP level 7. HP: 47/50 MP: 1/10
  4003 | D:4      | Found an opulent altar of Gozag.
  4816 | D:5      | Entered Level 5 of the Dungeon
  4829 | D:5      | Noticed Blork the orc
  4838 | D:5      | Killed Blork the orc
  4839 | D:5      | Reached skill level 6 in Fire Magic
  4839 | D:5      | Reached XP level 8. HP: 41/56 MP: 1/11
  5663 | D:6      | Found an iron altar of Okawaru.
  5770 | D:6      | Reached skill level 5 in Staves
  5836 | D:6      | Reached skill level 7 in Fire Magic
  5974 | D:6      | Reached skill level 8 in Fire Magic
  6116 | D:6      | Reached XP level 9. HP: 61/61 MP: 9/12
  6123 | D:6      | Learned a level 4 spell: Flame Wave
  6444 | D:5      | Reached skill level 9 in Fire Magic
  6831 | D:5      | Found a glowing silver altar of Zin.
  6831 | D:5      | Found a broken altar of Ashenzari.
  7204 | D:5      | Reached skill level 10 in Fire Magic
  7205 | D:5      | Noticed a hornet
  7218 | D:5      | Killed a hornet
  7643 | D:6      | Found a radiant altar of Vehumet.
  7654 | D:6      | Became a worshipper of Vehumet
  7852 | D:6      | Reached skill level 5 in Spellcasting
  8033 | D:6      | Reached * piety under Vehumet
  8033 | D:6      | Offered knowledge of Kiss of Death by Vehumet.
  8507 | D:7      | Upgraded the game from 0.32-a0-909-gc671339a80 to
                  | 0.32-a0-913-g739538afd8
  8643 | D:7      | Found a staircase to the Ecumenical Temple.
  8765 | D:7      | Noticed a boulder beetle
  8795 | D:7      | Killed a boulder beetle
  8796 | D:7      | Reached XP level 10. HP: 22/67 MP: 6/17
  9139 | D:7      | Found a bloodstained altar of Trog.
  9774 | D:7      | Reached ** piety under Vehumet
  9774 | D:7      | Offered knowledge of Sandblast by Vehumet.
  9858 | D:8      | Noticed a two-headed ogre
  9868 | D:7      | Killed a two-headed ogre
 10029 | D:7      | Reached skill level 10 in Evocations
 10486 | D:8      | Found a viscous altar of Jiyva.
 10495 | D:8      | Reached skill level 5 in Fighting
 10495 | D:8      | Reached XP level 11. HP: 79/79 MP: 6/18
 10495 | D:8      | Offered knowledge of Momentum Strike by Vehumet.
 10602 | D:8      | Reached skill level 1 in Armour
 10631 | D:8      | Found a staircase to the Lair.
 10651 | D:8      | Found Povefoan's Jewellery Shoppe.
 10865 | Lair:1   | Entered Level 1 of the Lair of Beasts
 11043 | D:9      | Reached *** piety under Vehumet
 11076 | D:9      | Learned a level 4 spell: Vhi's Electric Charge
 11086 | D:9      | Learned a level 6 spell: Plasma Beam
 11164 | D:9      | Reached skill level 1 in Air Magic
 11188 | D:9      | Noticed a manticore
 11211 | D:9      | Killed a manticore
 11302 | D:9      | Found a stormy altar of Qazlal.
 11353 | D:9      | Found a transporter.
 11353 | D:9      | Noticed an orc high priest
 11354 | D:9      | Noticed a deep elf knight
 11377 | D:9      | Found the amulet of Vitality {Regen++ RegenMP++}
 11378 | D:9      | Found a transporter.
 11521 | D:9      | Offered knowledge of Mephitic Cloud by Vehumet.
 11542 | D:9      | Learned a level 3 spell: Mephitic Cloud
 11565 | D:9      | Noticed Erica
 11565 | D:9      | Noticed Maggie
 11604 | D:9      | Killed Erica
 11615 | D:9      | Killed Maggie
 11994 | D:9      | Reached skill level 5 in Air Magic
 12391 | D:9      | Killed an orc high priest
 12421 | D:9      | Killed a deep elf knight
 12484 | D:10     | Entered Level 10 of the Dungeon
 12533 | D:10     | Noticed a two-headed ogre
 12548 | D:10     | Killed a two-headed ogre
 12557 | D:10     | Reached XP level 12. HP: 80/86 MP: 19/19
 12883 | D:10     | Reached **** piety under Vehumet
 12975 | D:10     | Found the +5 scythe "Finisher" {speed, execute}
 13160 | D:10     | Offered knowledge of Freezing Cloud by Vehumet.
 13450 | D:11     | Noticed a two-headed ogre
 13456 | D:11     | Killed a two-headed ogre
 13457 | D:11     | Reached skill level 10 in Air Magic
 13556 | D:11     | Found a staircase to the Orcish Mines.
 13954 | D:11     | Found a shadowy altar of Dithmenos.
 14117 | D:12     | Noticed a two-headed ogre
 14122 | D:12     | Killed a two-headed ogre
 14296 | D:12     | Noticed Kirke
 14302 | D:12     | Noticed a sphinx
 14382 | D:11     | Noticed a sphinx
 14384 | D:11     | Paralysed by a sphinx for 4 turns
 14388 | D:11     | Noticed a sphinx
 14885 | D:13     | Noticed a seven-headed hydra
 14886 | D:13     | Reached XP level 13. HP: 91/91 MP: 16/26
 14905 | D:13     | Reached skill level 10 in Spellcasting
 14905 | D:13     | Reached skill level 1 in Shields
 14922 | D:13     | Found Winleibe's Antique Weapon Boutique.
 14949 | D:13     | Found Oggaysh's Assorted Antiques.
 14954 | D:13     | Bought a scroll of blinking for 247 gold pieces
 14954 | D:13     | Bought a scroll labelled UPSA KABLATUKH for 33 gold pieces
 14955 | D:13     | Bought a scroll of teleportation for 99 gold pieces
 15049 | D:13     | Reached ***** piety under Vehumet
 15058 | D:13     | Offered knowledge of Iskenderun's Mystic Blast by Vehumet.
 15228 | D:13     | Found Osuzy's Assorted Antiques.
 15232 | D:13     | Bought a blue potion for 28 gold pieces
 15232 | D:13     | Bought a grey potion for 28 gold pieces
 15232 | D:13     | Bought a blue potion for 28 gold pieces
 15232 | D:13     | Bought a scroll of enchant weapon for 240 gold pieces
 15232 | D:13     | Bought a scroll of identify for 64 gold pieces
 15287 | D:13     | Found Byidyo's Magic Scroll Shop.
 15410 | D:11     | Killed Kirke
 15411 | D:11     | Reached skill level 5 in Dodging
 15428 | Orc:1    | Entered Level 1 of the Orcish Mines
 15542 | Orc:1    | Found Ecsievvo's Distillery.
 15559 | Orc:1    | Found Ziegyt's Magic Scroll Emporium.
 15568 | Orc:1    | Found Cink's Armour Emporium.
 15622 | Orc:1    | Found Kitavvun's Magic Scroll Boutique.
 15825 | Orc:1    | Found Kummyj's Magic Scroll Shoppe.
 15845 | Orc:1    | Reached skill level 11 in Fire Magic
 15884 | Orc:1    | Found a radiant altar of Vehumet.
 16051 | Orc:2    | Entered Level 2 of the Orcish Mines
 16076 | Orc:2    | Noticed Erolcha
 16114 | Orc:2    | Killed Erolcha
 16216 | Orc:2    | Noticed Saint Roka
 16320 | Orc:2    | Reached skill level 12 in Fire Magic
 16483 | Orc:2    | Found a staircase to the Elven Halls.
 16496 | Orc:2    | Killed Saint Roka
 16497 | Orc:2    | Reached XP level 14. HP: 82/98 MP: 10/28
 16500 | Orc:2    | Reached skill level 13 in Fire Magic
 16500 | Orc:2    | Offered knowledge of Fireball by Vehumet.
 16508 | Orc:2    | Learned a level 5 spell: Fireball
 16624 | Orc:2    | Found a roughly hewn altar of Beogh.
 16624 | Orc:2    | Noticed an orc warlord
 16636 | Orc:2    | Killed an orc warlord
 16637 | Orc:2    | Reached skill level 14 in Fire Magic
 16651 | Orc:2    | Found Colot's Assorted Antiques.
 16708 | Orc:2    | Found a roughly hewn altar of Beogh.
 16711 | Orc:2    | Noticed an orc warlord
 16715 | Orc:2    | Killed an orc warlord
 16877 | Orc:2    | Found a roughly hewn altar of Beogh.
 16906 | Orc:2    | Found a roughly hewn altar of Beogh.
 16928 | Orc:2    | Found Denyil's Antique Armour Shoppe.
 17041 | Orc:2    | Found Ecouc's Antique Weapon Shop.
 17042 | Orc:2    | Found a roughly hewn altar of Beogh.
 17043 | Orc:2    | Found Ofoofu's Antique Armour Boutique.
 17149 | Orc:2    | Found a roughly hewn altar of Beogh.
 17308 | D:13     | Bought a scroll of acquirement for 780 gold pieces
 17309 | D:13     | Acquired 1040 gold pieces
 17488 | Orc:2    | Bought a smoking leather armour for 217 gold pieces
 17488 | Orc:2    | Identified the +4 leather armour of Gecsiq {rN+ Dex+7} (You
                  | bought it in a shop on level 2 of the Orcish Mines)
 17591 | D:13     | Bought a twisted spear for 312 gold pieces
 17591 | D:13     | Identified the +7 spear "Daovi Mola" {freeze, rElec Str+3
                  | Dex+5} (You bought it in a shop on level 13 of the Dungeon)
 17698 | Orc:2    | Bought a heavily runed robe for 193 gold pieces
 17698 | Orc:2    | Identified the +1 robe "Subitto" {rElec Archmagi} (You
                  | bought it in a shop on level 2 of the Orcish Mines)
 17969 | Lair:1   | Learned a level 6 spell: Starburst
 18113 | Lair:1   | Offered knowledge of Conjure Ball Lightning by Vehumet.
 18218 | Lair:1   | Reached skill level 15 in Fire Magic
 18358 | Lair:1   | Reached ****** piety under Vehumet
 19270 | Lair:2   | Reached skill level 16 in Fire Magic
 19324 | Lair:2   | Found a staircase to the Snake Pit.
 19676 | Lair:3   | Identified the +7 great sword "Muzamaon" {freeze, Dex+5}
 20011 | Lair:3   | Identified the +0 robe of the Arena {+Inv rElec Str-4
                  | Slay+5}
 20140 | Lair:3   | Found a staircase to the Swamp.
 20143 | Lair:3   | Reached XP level 15. HP: 103/103 MP: 24/29
 20666 | Lair:4   | Reached skill level 17 in Fire Magic
 20696 | Lair:4   | Noticed Rupert
 20837 | Lair:4   | Killed Rupert
 21343 | Lair:5   | Entered Level 5 of the Lair of Beasts
 21390 | Lair:5   | Reached skill level 18 in Fire Magic
 21418 | Lair:5   | Offered knowledge of Ozocubu's Refrigeration by Vehumet.
 21475 | Lair:5   | Found a viscous altar of Jiyva.
 21475 | Lair:5   | Found a staircase to the Slime Pits.
 21760 | Lair:5   | Reached skill level 19 in Fire Magic
 22185 | Lair:5   | Found a large runed translucent door.
 22186 | Lair:5   | Found a large runed translucent door.
 22944 | D:14     | Reached XP level 16. HP: 109/109 MP: 10/30
 22969 | D:14     | Offered knowledge of Eringya's Noxious Bog by Vehumet.
 23251 | D:14     | Reached skill level 20 in Fire Magic
 23391 | D:14     | Found a gate to the Vaults.
 23625 | D:15     | Entered Level 15 of the Dungeon
 23694 | D:15     | Noticed Jorgrun
 23759 | D:15     | Killed Jorgrun
 23859 | D:15     | Noticed Azrael
 23877 | D:15     | Killed Azrael
 23919 | D:15     | Reached skill level 21 in Fire Magic
 24003 | D:15     | Learned a level 4 spell: Summon Lightning Spire
 24014 | D:15     | Found Puufabb's Book Shop.
 24014 | D:15     | Found a staircase to the Depths.
 24481 | Snake:1  | Entered Level 1 of the Snake Pit
 24549 | Snake:1  | Found an ornate altar of the Wu Jian Council.
 24923 | Snake:1  | Found Zoblel's Book Shop.
 25749 | Snake:2  | Reached XP level 17. HP: 107/115 MP: 14/32
 25887 | Snake:2  | Found the +8 demon trident "Rift" {distort, reach+}
 26417 | Snake:3  | Found Kopuv's Jewellery Shoppe.
 26429 | Snake:3  | Offered knowledge of Irradiate by Vehumet.
 26970 | Snake:4  | Entered Level 4 of the Snake Pit
 26974 | Snake:4  | Slain by a salamander

Illustrated notes

Levels and vault maps discovered:
D:1:      dpeg_arrival_central, layout_basic, serial_park_tiny_2
D:2:      layout_basic, basic_altar, uniq_sigmund
D:3:      layout_loops_ring, gammafunk_ghost_grave, minmay_shallow_snake_nest
D:4:      layout_loops_cross, dk_vineyard_1, minmay_ruined_shrine
D:5:      kennysheep_windowed_halls, layout_loops_cross, jmf_multi_god_temple,
          serial_glass, glass_columns_a, glass_columns_b, due_unseen_surprise,
          lemuel_flamethrower_2, uniq_blork_the_orc
D:6:      lemuel_ratsnest, layout_basic, kennysheep_mini_moat,
          okawaru_ov_weapons_minmay, grunt_decor_junction
D:7:      layout_loops_cross, kennysheep_little_box,
          minmay_temple_entry_mini_moons, minmay_small_thing
D:8:      layout_basic, erik_lair_island, serial_shops, shop,
          reono_crystal_passage, jiyva_altar_1
D:9:      gammafunk_wand_slinger, layout_basic, grunt_qazlal_clouds, uniq_erica,
          uniq_maggie
D:10:     layout_long_grid, minmay_guarded_unrand_finisher
D:11:     layout_roguey, david_orc_3, grunt_dithmenos_shadows
D:12:     layout_irregular_city, uniq_kirke
D:13:     layout_gridville, serial_shops, shop, nicolae_lakefront_shop, shop,
          nicolae_shop_rolling_square
D:14:     layout_grid_maze, grunt_vaults_entry_fortified,
          hangedman_decor_clover_reticule
D:15:     gammafunk_depths_entry_grave, layout_cave_pools, serial_shops,
          nicolae_shop_tiny_waterfront, nrook_campfire,
          minmay_fractal_squares_diagonal_5, uniq_jorgrun, uniq_azrael
Lair:1:   layout_roguey, serial_bayou_shore_b
Lair:2:   layout_gridlike, minmay_snake_entry_guardpost_medium,
          nicolae_quartered_pool_impasse, grunt_megastairs_1
Lair:3:   layout_gridlike, swamp_mist_pool, chequers_serial_rivers_large_a
Lair:4:   layout_regular_city, serial_rivers, chequers_serial_rivers_micro_a,
          chequers_serial_rivers_room_b, chequers_serial_rivers_micro_b,
          chequers_serial_rivers_micro_e, chequers_serial_rivers_room_b,
          lemuel_fruit_tree, infiniplex_staircase_pool_2, grunt_megastairs_4,
          uniq_rupert
Lair:5:   cheibrodos_lair_end_hotspot, layout_misc_corridors,
          dpeg_slime_entry_enclosed, infiniplex_staircase_pool
Snake:1:  layout_concentric_octagons, basic_altar, serial_shops,
          nicolae_shop_just_a_little_nook
Snake:2:  kennysheep_six_static_rooms, layout_basic, grunt_megastairs_2
Snake:3:  layout_misc_corridors, serial_shops, shop
Snake:4:  hellmonk_snake_rune_quicksilver_temple, layout_cave_town,
          serial_shops, nicolae_shop_drivethru, grunt_megastairs_3
Orc:1:    layout_caves, serial_shops, nicolae_lakefront_shop, shop_statue, shop,
          nicolae_square_shop, nicolae_shop_statue_plus, basic_altar,
          nicolae_orc_stony_grotto
Orc:2:    grunt_orc_community_town_hall, layout_diamond_mine,
          grunt_orc_community_big_house_2, grunt_orc_community_big_house_1,
          grunt_orc_community_house_2, grunt_orc_community_house_2,
          grunt_orc_community_house_1, grunt_orc_community_house_3,
          gauntlet_entry_generic, nicolae_orc_minecarts, uniq_erolcha,
          uniq_saint_roka

Skill      XL: |  1  2  3  4  5  6  7  8  9 10 11 12 13 14 15 16 17 |
---------------+----------------------------------------------------+-----
Fire Magic     | 4 5 6 8 10 12 16 19 21 | 21.6
Evocations     | 1 4 5 7 10 | 10.0
Fighting       | 2 5 |  5.0
Staves         | 1 3 5 |  5.0
Spellcasting   | 5 9 10 11 13 | 13.3
Armour         | 4 |  4.1
Air Magic      | 8 10 | 10.0
Shields        | 4 |  4.0
Dodging        | 5 |  5.0
Stealth        | |  2.0
Conjurations   | |  1.0

Action                     |  1- 3 |  4- 6 |  7- 9 | 10-12 | 13-15 | 16-18 || total
---------------------------+-------+-------+-------+-------+-------+-------++-------
  Melee: Unarmed           |     1 |       |       |       |       |       ||     1
         Staff             |     8 |    49 |    52 |     4 |    44 |    10 ||   167
         Demon trident     |       |       |    87 |   275 |   137 |       ||   499
   Cast: Foxfire           |    47 |    90 |   127 |    20 |     4 |       ||   288
         Scorch            |       |       |   101 |   110 |       |    10 ||   221
         Mephitic Cloud    |       |       |       |     9 |       |       ||     9
         Flame Wave        |       |       |       |     2 |    18 |       ||    20
         Plasma Beam       |       |       |       |    41 |   299 |   184 ||   524
         Fireball          |       |       |       |       |     2 |    14 ||    16
         Starburst         |       |       |       |       |       |     2 ||     2
  Evoke: Wand              |       |     3 |    16 |     3 |    11 |     2 ||    35
         Gell's gravitambo |       |       |       |       |     3 |       ||     3
    Use: Scroll            |       |     5 |     7 |    11 |    13 |     3 ||    39
         Potion            |       |       |     4 |     2 |     3 |       ||     9
   Stab: Sleeping          |     1 |       |     1 |       |       |       ||     2
         Paralysed         |       |       |       |     2 |     5 |       ||     7
         Distracted        |       |       |       |     1 |     1 |       ||     2
         Confused          |       |       |       |     5 |       |       ||     5
 Armour: Robe              |     9 |    61 |   149 |    72 |    58 |    79 ||   428
         Troll leather arm |       |       |       |   187 |       |       ||   187
         Leather armour    |       |       |       |    35 |   197 |       ||   232
         Skin              |       |       |       |     3 |       |       ||     3
  Dodge: Dodged            |    10 |    65 |    98 |   189 |   184 |    47 ||   593
  Block: Buckler           |       |       |       |       |    16 |    14 ||    30

Table legend: (Time is in decaauts)
 A = Elapsed time spent in this place.
 B = Non-inter-level travel time spent in this place.
 C = Inter-level travel time spent in this place.
 D = Time resting spent in this place.
 E = Time spent auto-exploring this place.
 F = Levels seen in this place.
 G = Mean time per level.
                   A        B        C        D        E       F      G
               +--------+--------+--------+--------+--------+-----+--------+
         Total |  27186 |  24773 |   2413 |   3132 |  15793 |  26 | 1045.6 |
       Dungeon |  17890 |  16205 |   1685 |   2703 |   9686 |  15 | 1192.7 |
          Lair |   4832 |   4529 |    303 |    131 |   3434 |   5 |  966.4 |
     Snake Pit |   2509 |   2414 |     95 |    165 |   1818 |   4 |  627.2 |
  Orcish Mines |   1954 |   1626 |    328 |    132 |    854 |   2 |  977.0 |
               +--------+--------+--------+--------+--------+-----+--------+

Top non-repeatable levels by time:
     D:5: 1893 daAuts
     D:6: 1707 daAuts
     D:9: 1580 daAuts
     D:7: 1438 daAuts
     D:4: 1349 daAuts
     D:3: 1275 daAuts
     D:1: 1250 daAuts
     D:8: 1205 daAuts
   Orc:2: 1141 daAuts
  Lair:5: 1121 daAuts
 Snake:2: 1099 daAuts
    D:10: 1069 daAuts
  Lair:1: 1041 daAuts
    D:14: 1030 daAuts
    D:11: 956 daAuts
